[Event "*** Titled Tuesday Blitz"]
[Site "Chess.com"]
[Date "2021.03.16"]
[Round "4"]
[White "ellennilssen"]
[Black "Chesseyat004"]
[Result "0-1"]
[WhiteElo "2271"]
[BlackElo "2477"]
[TimeControl "180+1"]
[EndTime "10:38:31 PDT"]
[Termination "Chesseyat004 won on time"]

1. c4 e5 2. g3 Nf6 3. Bg2 c6 4. Nc3 d5 5. cxd5 cxd5 6. d4 e4 7. e3 Bb4 8. Ne2 O-O 9. a3 Bxc3+ 10. Nxc3 Nbd7 11. f3 Re8 12. O-O Nb6 13. b3 exf3 14.
Qxf3 Qe7 15. a4 Bg4 16. Qf2 Rac8 17. Bd2 Qe6 18. a5 Nbd7 19. Rac1 a6 20. Qf4 h5 21. h3 Bxh3 22. Bxh3 Qxh3 23. Nxd5 Ng4 24. Qxf7+ Kh8 25. Rf5 Qh2+ 26. Kf1 Rxc1+ 27. Bxc1 Qh1+ 28. Ke2 Qg2+ 29. Kd3 Qe4+ 30. Ke2 Ndf6 31. Nxf6 Nxf6 32. Re5 Rxe5 33. dxe5 Qxe5 34. Bd2 Qxg3 35. Qf8+ Kh7 36.
Qc5 Qg2+ 37. Kd3 Qd5+ 38. Qxd5 Nxd5 39. Kd4 Nf6 40. Kc5 h4 41. Be1 h3 0-1

[Event "*** Titled Tuesday Blitz"]
[Site "Chess.com"]
[Date "2021.03.16"]
[Round "4"]
[White "Vasily85"]
[Black "grzechu96"]
[Result "1/2-1/2"]
[WhiteElo "2439"]
[BlackElo "2641"]
[TimeControl "180+1"]
[EndTime "10:38:33 PDT"]
[Termination "Game drawn by repetition"]

1. d4 Nf6 2. Bg5 d5 3. Bxf6 exf6 4. e3 Bd6 5. g3 c6 6. Bg2 f5 7. Ne2 Nd7 8. Nd2 Nf6 9. c4 Be6 10. b3 O-O 11. O-O Ne4 12. Qc2 g6 13. c5 Bc7 14.
b4 h5 15. h4 Kg7 16. a4 Nxd2 17. Qxd2 g5 18. hxg5 Qxg5 19. Nf4 h4 20. Bf3 hxg3 21. fxg3 Qxg3+ 22. Qg2 Qxg2+ 23. Kxg2 Kf6 24. Rh1 Rg8+ 25.
Kf2 Rh8 26. b5 a6 27. b6 Bxf4 28. exf4 Rag8 29. Rxh8 Rxh8 30. Rh1 Rxh1 31. Bxh1 Bc8 32. a5 Bd7 33. Kg3 Kg6 34. Kh4 Be6 35. Bf3 Bd7 36.
Bh5+ Kf6 37. Be2 Bc8 38. Kh5 Kg7 39. Kg5 f6+ 40. Kh5 Kh7 41. Bd3 Kg7 42. Bc2 Kh7 43.
Bd1 Kg7 44. Bf3 Kh7 45. Be2 Kg7 46. Kh4 Kh6 47. Bh5 Kg7 48. Be8 Kh6 49. Bf7 Kg7 50. Bh5 Bd7 51. Bf3 Kh6 52. Bg2 Bc8 53. Bh3 Kg6 54. Bf1 Kh6 55. Bd3 Kg6 56. Be2 Kh6 57. Bd3 Kg6 58. Be2 Kh6 1/2-1/2

[Event "*** Titled Tuesday Blitz"]
[Site "Chess.com"]
[Date "2021.03.16"]
[Round "4"]
[White "CakeinSpace2002"]
[Black "ariosp"]
[Result "0-1"]
[WhiteElo "2416"]
[BlackElo "2216"]
[TimeControl "180+1"]
[EndTime "10:38:33 PDT"]
[Termination "ariosp won on time"]

1. e4 e5 2. Nf3 Nc6 3. Bb5 a6 4. Ba4 d6 5. d4 Bd7 6. c3 Nge7 7. O-O Ng6 8. Nbd2 Be7 9. Re1 O-O 10. Nf1 Qe8 11. Bb3 Bg4 12. Be3 Nh4 13.
N1d2 Bf6 14. d5 Ne7 15. h3 Nxf3+ 16. Nxf3 Bd7 17. c4 b6 18. Bc2 a5 19. b3 g6 20.
Bh6 Bg7 21. Bxg7 Kxg7 22. a3 h6 23. b4 f5 24. exf5 gxf5 25. c5 Qg6 26. Qd2 Kh8 27. Nd4 Rg8 28. g3 axb4 29. c6 Bc8 30. Ne6 Bxe6 31. dxe6 bxa3 32. Qe3 Qxe6 33. Qf3 f4 0-1

[Event "*** Titled Tuesday Blitz"]
[Site "Chess.com"]
[Date "2021.03.16"]
[Round "4"]
[White "nurgyulsalimova"]
[Black "zmeeed67"]
[Result "0-1"]
[WhiteElo "2625"]
[BlackElo "2432"]
[TimeControl "180+1"]
[EndTime "10:38:35 PDT"]
[Termination "zmeeed67 won by resignation"]

1. Nf3 d5 2. e3 Nf6 3. c4 e6 4. b3 Be7 5. Bb2 O-O 6. Qc2 c5 7.
g4 Nc6 8. g5 Ne4 9. d3 Nxg5 10.
Nxg5 Bxg5 11. Rg1 Bf6 12. Nc3 Kh8 13. O-O-O a6 14. Bg2 b5 15. cxd5 Nb4 16. Qe2 Nxd5 17. Ne4 Bxb2+ 18. Qxb2 f6 19. Nxc5 Qc7 20. d4 b4 21.
Bxd5 exd5 22. Rg3 Bf5 23. Rdg1 Rf7 24. Qe2 a5 25. Qh5 g6 26. Rxg6 Bxg6 27. Rxg6 a4 28.
Rg3 axb3 29. axb3 Qa7 30. Kd2 Qa2+ 31. Ke1 Qb1+ 32. Ke2 Ra2+ 33. Kf3 Qd1+ 34. Kg2 Qxh5 35. Ne6 Qf5 36. Nf4 Rg7 0-1

[Event "*** Titled Tuesday Blitz"]
[Site "Chess.com"]
[Date "2021.03.16"]
[Round "4"]
[White "davigator"]
[Black "Szparu"]
[Result "1-0"]
[WhiteElo "2414"]
[BlackElo "2625"]
[TimeControl "180+1"]
[EndTime "10:38:35 PDT"]
[Termination "davigator won on time"]

1. e4 c5 2. Nf3 Nc6 3. d4 cxd4 4. Nxd4 Nf6 5. Nc3 d6 6. Bg5 e6 7. f3 h6 8. Be3 Bd7 9. Qd2 a6 10. O-O-O b5 11. Nxc6 Bxc6 12. Ne2 Be7 13. g4 Rc8 14.
Nd4 Bb7 15. h4 Nd7 16. Nb3 Ne5 17. Be2 Nd3+ 18. Bxd3 d5 19. Kb1 b4 20. Qf2 Qc7 21. Bb6 Qb8 22. g5 h5 23. Bc5 Bd8 24. Bxb4 Bc6 25.
Bc3 O-O 26. Qd4 f6 27. Bxa6 e5 28. Qb4 d4 29. Bxc8 Qxc8 30. Bd2 Qe6 31. Na5 Bxa5 32. Qxa5 Ra8 33. gxf6 Rxa5 34. Bxa5 Qxf6 35. Rdf1 Bb5 36. Rf2 d3 37. cxd3 Bxd3+ 38. Ka1 Bxe4 39.
Rhh2 Bxf3 40. Bc3 Qg6 41. b3 e4 42. Rf1 Qg3 43. Rd2 Bg2 44. Rc1 e3 45. Rd7 Qxh4 46.
Rxg7+ Kf8 47. Rxg2 Qf4 48. Re2 Qf3 49. Rce1 h4 50. Rxe3 Qc6 51. Rf1+ Kg8 52. Ref3 Qe6 53. R3f2 1-0

[Event "*** Titled Tuesday Blitz"]
[Site "Chess.com"]
[Date "2021.03.16"]
[Round "4"]
[White "Kobalia"]
[Black "eCztery"]
[Result "1-0"]
[WhiteElo "2730"]
[BlackElo "2402"]
[TimeControl "180+1"]
[EndTime "10:38:37 PDT"]
[Termination "Kobalia won by resignation"]

1. e4 c5 2. Nf3 g6 3. c3 Bg7 4. d4 cxd4 5. cxd4 Nf6 6. e5 Nd5 7.
Bc4 Nb6 8. Bb3 d5 9. O-O O-O 10. h3 Nc6 11. Nc3 Bf5 12. Re1 Rc8 13. Bf4 Na5 14.
g4 Be6 15. Bc2 Nac4 16. Qc1 Qc7 17. Nb5 Qb8 18. a4 a6 19. Nc3 Qc7 20. Nd1 Nxe5 21.
Bxe5 Qxc2 22. Qe3 Nc4 23. Qf4 Nxe5 24. Nxe5 Qc7 25. Nc3 f5 26. g5 Bf7 27. Qg3 e6 28. Rac1 Qb6 29. Qe3 Qxb2 30. Nxd5 exd5 31. Rxc8 Rxc8 32. Nxf7 Qxd4 33. Nh6+ Bxh6 34. Qxd4 Bxg5 35. Qxd5+ Kg7 36. Qd7+ Kh6 37. Qxc8 1-0

[Event "*** Titled Tuesday Blitz"]
[Site "Chess.com"]
[Date "2021.03.16"]
[Round "4"]
[White "mjray79"]
[Black "anon102030"]
[Result "0-1"]
[WhiteElo "2466"]
[BlackElo "2707"]
[TimeControl "180+1"]
[EndTime "10:38:39 PDT"]
[Termination "anon102030 won by resignation"]

1. d4 Nf6 2. c4 e5 3. dxe5 Ng4 4. Bf4 Nc6 5. Nf3 Bb4+ 6. Nbd2 Qe7 7. e3 Ngxe5 8.
Nxe5 Nxe5 9. Be2 d6 10. O-O O-O 11. a3 Bxd2 12. Qxd2 b6 13. b4 Nd7 14. Bf3 Rb8 15. Rac1 Re8 16. Rfd1 h6 17. Bc6 Bb7 18. Bxb7 Rxb7 19.
Qd5 Rbb8 20. h3 Nf6 21. Qd3 Rbd8 22. Qb3 Nh5 23. Bh2 Nf6 24. c5 dxc5 25. bxc5 Rxd1+ 26. Qxd1 Ne4 27. cxb6 cxb6 28. a4 Rd8 29. Qb3 Rd2 30. Rf1 Qf6 31. Bf4 Nc5 32. Qc4 Qe6 33. Qxe6 fxe6 34. Bb8 a5 35. Bc7 Nxa4 36. Ra1 Rd7 37.
Be5 Nc5 38. Rb1 Rb7 39. Bd4 Nd7 40. Rb5 Kf7 41. Kf1 g6 42. Ke2 Ke7 43. Kd3 Kd6 44. Bg7 Kc6 45. Rb1 Nc5+ 46. Kc2 Rxg7 0-1

[Event "*** Titled Tuesday Blitz"]
[Site "Chess.com"]
[Date "2021.03.16"]
[Round "4"]
[White "Agnes66678"]
[Black "olksuna"]
[Result "1-0"]
[WhiteElo "2438"]
[BlackElo "2658"]
[TimeControl "180+1"]
[EndTime "10:38:39 PDT"]
[Termination "Agnes66678 won by resignation"]

1. d4 Nf6 2. c4 e6 3. g3 d5 4. Nf3 a6 5. Bg2 dxc4 6. O-O c6 7. Ne5 b5 8. Nxc6 Nxc6 9. Bxc6+ Bd7 10. Bxa8 Qxa8 11. b3 cxb3 12. axb3 h5 13. h4 Qe4 14.
Nc3 Qg4 15. e3 Qf5 16. f3 Bd6 17. Qe1 Qh3 18. Ne2 g5 19. Rxa6 Bc7 20. Ra8+ Bd8 21.
Bd2 O-O 22. Bb4 Re8 23. hxg5 Nh7 24. Nf4 Qf5 25. g6 fxg6 26. e4 Qf7 27. Qe3 Ng5 28.
Kf2 Bc6 29. Rc8 Bb7 30. Rc5 Nh7 31. Rxb5 Ba6 32. Qd3 Bxb5 33. Qxb5 g5 34. Nd3 h4 35. Ne5 hxg3+ 36. Kg2 Qh5 37. Rh1 Qxh1+ 38. Kxh1 Nf6 39.
Kg2 Bc7 40. Kxg3 Rb8 41. Qc4 Re8 42. Qxc7 1-0

[Event "*** Titled Tuesday Blitz"]
[Site "Chess.com"]
[Date "2021.03.16"]
[Round "4"]
[White "Kurkusha"]
[Black "RamyresCoelho"]
[Result "0-1"]
[WhiteElo "2340"]
[BlackElo "2085"]
[TimeControl "180+1"]
[EndTime "10:38:39 PDT"]
[Termination "RamyresCoelho won by checkmate"]

1. Nf3 Nf6 2. c4 g6 3. Nc3 Bg7 4. g3 O-O 5. Bg2 d6 6. d4 Nc6 7. O-O Bg4 8. Bg5 Qd7 9. Qd2 Bh3 10.
Rfe1 Bxg2 11. Kxg2 e5 12. dxe5 dxe5 13. Bxf6 Qxd2 14.
Nxd2 Bxf6 15. Nde4 Bg7 16. Nd5 f5 17. Nc5 e4 18. Rab1 Ne5 19. Nxc7 Rac8 20. N7e6 Rfe8 21. Nxg7 Kxg7 22. Nxb7 Nxc4 23. b3 Na3 24. Rbc1 Rxc1 25. Rxc1 Re7 26. Nd6 Rd7 27. Nc4 Nxc4 28. Rxc4 Rd2 29.
Ra4 Rxe2 30. Rxa7+ Kh6 31. Kf1 Rb2 32. h4 Kh5 33. a4 Kg4 34. Kg2 e3 35. Kg1 Rxf2 36. Re7 Kf3 37. a5 Rg2+ 38. Kf1 Rh2 39. Kg1 Rb2 40. a6 Rxb3 41. a7 Ra3 42. h5 Kxg3 43. Rxh7 g5 44. Re7 Ra1# 0-1

[Event "*** Titled Tuesday Blitz"]
[Site "Chess.com"]
[Date "2021.03.16"]
[Round "4"]
[White "Volodar_Murzin"]
[Black "profofchess"]
[Result "1-0"]
[WhiteElo "2669"]
[BlackElo "2442"]
[TimeControl "180+1"]
[EndTime "10:38:40 PDT"]
[Termination "Volodar_Murzin won by checkmate"]

1. e4 e6 2. d4 d5 3. Nc3 Bb4 4. e5 Bf8 5. Nce2 c5 6. c3 Nc6 7. f4 b6 8. Nf3 Ba6 9. Be3 Nh6 10. g3 Nf5 11. Bf2 Be7 12. Bh3 cxd4 13. Bxf5 exf5 14. Nexd4 Nxd4 15. Nxd4 Qd7 16. Kd2 O-O 17. Re1 Bc5 18. Qf3 Bxd4 19. Bxd4 Rac8 20. h3 Rc4 21. b3 Rc7 22. g4 Rfc8 23. Rg1 b5 24. a3 Rd8 25. e6 fxe6 26. gxf5 Qe8 27. Rae1 Qf8 28. fxe6 Qxa3 29.
e7 Qb2+ 30. Kd1 Qb1+ 31. Ke2 Rxe7+ 32. Kf2 Qc2+ 33. Kg3 Rxe1 34. Rxe1 Qg6+ 35. Kh2 Bc8 36. Rg1 Qc2+ 37. Rg2 Qe4 38. Rxg7+ Kf8 39. Qf2 Bf5 40. Qh4 Rd7 41. Qf6+ Ke8 42. Rg8# 1-0

[Event "*** Titled Tuesday Blitz"]
[Site "Chess.com"]
[Date "2021.03.16"]
[Round "4"]
[White "LamaChampetre"]
[Black "zverr1"]
[Result "0-1"]
[WhiteElo "2234"]
[BlackElo "2466"]
[TimeControl "180+1"]
[EndTime "10:38:43 PDT"]
[Termination "zverr1 won on time"]

1. d4 Nf6 2. c4 g6 3. Nc3 Bg7 4. e4 d6 5. h3 O-O 6. Nf3 e5 7. d5 Nh5 8. g3 Qe8 9. Be2 Na6 10. Be3 Bd7 11. Nd2 Nf6 12. g4 Qe7 13. h4 Nxg4 14.
Bxg4 f5 15. Bg5 Qf7 16. exf5 h6 17. Be3 gxf5 18. Bh5 Qe7 19. f3 Nb4 20. Nb3 e4 21.
fxe4 fxe4 22. Be2 Bf6 23. Rg1+ Kh8 24. Qd2 Nd3+ 25. Bxd3 exd3 26. Qxd3 Rae8 27. Kd2 Bxh4 28.
Nd4 Bg5 29. Bxg5 Rf2+ 30. Nde2 hxg5 31. Rh1+ Kg8 32. Rag1 Bf5 33. Qg3 Rxe2+ 34. Nxe2 Qxe2+ 35. Kc3 Re3+ 0-1

[Event "*** Titled Tuesday Blitz"]
[Site "Chess.com"]
[Date "2021.03.16"]
[Round "4"]
[White "MartinMatthiesen"]
[Black "MarcLonoff"]
[Result "1-0"]
[WhiteElo "2374"]
[BlackElo "2144"]
[TimeControl "180+1"]
[EndTime "10:38:44 PDT"]
[Termination "MartinMatthiesen won on time"]

1. d4 e6 2. c4 Bb4+ 3. Bd2 a5 4. e4 d5 5. cxd5 exd5 6. e5 Nc6 7. a3 Bxd2+ 8. Qxd2 Nge7 9. Nc3 Bf5 10. f4 h5 11. Nf3 a4 12. Bb5 O-O 13. Bxa4 Na5 14. O-O Nc4 15. Qf2 c6 16. Nh4 Qd7 17. Rae1 Qe6 18.
Bc2 g6 19. Nd1 b5 20. Kh1 Rfb8 21. Nxf5 Nxf5 22. Bxf5 Qxf5 23. Ne3 Qd3 24. f5 g5 25. e6 f6 26. Nd1 b4 27. a4 b3 28. Nc3 Nd2 29. Rg1 Ne4 30. Nxe4 dxe4 31. Re3 Qxd4 32. Rge1 Rxa4 33. Qg3 Re8 34. h4 g4 35. Qc7 1-0

[Event "*** Titled Tuesday Blitz"]
[Site "Chess.com"]
[Date "2021.03.16"]
[Round "4"]
[White "GM4life"]
[Black "Fighter008"]
[Result "0-1"]
[WhiteElo "2329"]
[BlackElo "2629"]
[TimeControl "180+1"]
[EndTime "10:38:45 PDT"]
[Termination "Fighter008 won by checkmate"]

1. e4 c5 2. Nf3 e6 3. d4 cxd4 4. Nxd4 a6 5. c4 Nf6 6. Nc3 Qc7 7. a3 b6 8. Be3 Bb7 9. f3 d6 10. Be2 Be7 11. O-O Nbd7 12. Rc1 Rc8 13. Qd2 Qb8 14.
b4 Bd8 15. Rfd1 Bc7 16. Nb3 h5 17. Bf4 Ne5 18. Bxe5 dxe5 19. c5 O-O 20. Qe3 Qa7 21. Na4 b5 22. Nb6 Rcd8 23. Na5 g6 24. Kh1 Kg7 25.
h4 Qb8 26. c6 Rxd1+ 27. Bxd1 Bc8 28. Nxc8 Qxc8 29. Nb7 Ne8 30. Qc5 Qb8 31. Qe7 Nf6 32. Rc2 Rc8 33. Rc3 Qa7 34. Nd6 Rf8 35. Rc5 Qb8 36.
Nb7 Re8 37. Qd7 Nxd7 38. cxd7 Rd8 39. Nxd8 Qxd8 40. Be2 Qxd7 41. Kh2 Bb6 42. Rc2 Qd4 43.
Kh3 Qg1 44. Ra2 Bf2 45. g3 Qxg3# 0-1

[Event "*** Titled Tuesday Blitz"]
[Site "Chess.com"]
[Date "2021.03.16"]
[Round "4"]
[White "nss13"]
[Black "Julianos82"]
[Result "1-0"]
[WhiteElo "2621"]
[BlackElo "2394"]
[TimeControl "180+1"]
[EndTime "10:38:45 PDT"]
[Termination "nss13 won by resignation"]

1. e4 c5 2. Nf3 b6 3. d4 cxd4 4. Nxd4 Bb7 5. Nc3 a6 6. g3 e6 7. Bg2 Qc7 8. O-O Nf6 9. Re1 d6 10. a4 Nbd7 11. Bd2 Be7 12. b3 O-O 13. Na2 d5 14. exd5 Bxd5 15. Bxd5 Nxd5 16. c4 N5f6 17. Nc3 Bc5 18. Nf3 Rfd8 19. Qe2 Nf8 20. Ne5 Ng6 21. Nxg6 hxg6 22. Bf4 Bd6 23. Bxd6 Rxd6 24. Rad1 Rad8 25. Rxd6 Rxd6 26. Rd1 Kf8 27. h4 Qd8 28. b4 Ke7 29.
c5 Rxd1+ 30. Nxd1 bxc5 31. bxc5 Qd5 32. Qc2 Qc6 33. Nb2 Ne4 34. Nd3 f6 35. Nb4 Qb7 36.
Qc4 Nd2 37. c6 Qc7 38. Qc5+ Kf7 39. Nxa6 Nf3+ 40. Kg2 Ne1+ 41. Kf1 Qd8 42. Kxe1 Qd3 43. c7 Qb1+ 44. Ke2 Qc2+ 45. Qxc2 1-0

[Event "*** Titled Tuesday Blitz"]
[Site "Chess.com"]
[Date "2021.03.16"]
[Round "4"]
[White "VinzentSpitzl"]
[Black "NateSolon"]
[Result "0-1"]
[WhiteElo "2365"]
[BlackElo "2559"]
[TimeControl "180+1"]
[EndTime "10:38:46 PDT"]
[Termination "NateSolon won by checkmate"]

1. d4 Nf6 2. Nf3 d5 3. c4 e6 4.
g3 dxc4 5. Bg2 a6 6. a4 Nc6 7.
O-O Rb8 8. a5 b5 9. axb6 cxb6 10. Nc3 Be7 11. e4 O-O 12. Bf4 Bb4 13. Bxb8 Nxb8 14.
Qc2 Bb7 15. Rfe1 b5 16. Rad1 Nbd7 17. e5 Nd5 18. Ne4 Bxe1 19. Rxe1 Nb4 20. Qb1 Nd3 21. Re3 Nb6 22. Nd6 Bd5 23. h4 h6 24. b3 Nc8 25.
Ne4 Ne7 26. bxc4 bxc4 27. Nd6 Nf5 28. Nxf5 exf5 29. Ne1 Nxe1 30. Qxe1 Bxg2 31. Kxg2 Qxd4 32. e6 fxe6 33. Rxe6 c3 34. Re2 Rc8 35. Qc1 c2 36. f3 Qc4 37. Rd2 a5 38. Rf2 a4 39. Rd2 Kh8 40. Rf2 Qc3 41. h5 a3 42. Rd2 Qb2 43. Qe1 c1=Q 44. Qe6 Qbxd2+ 45. Kh3 Qh1# 0-1

[Event "*** Titled Tuesday Blitz"]
[Site "Chess.com"]
[Date "2021.03.16"]
[Round "4"]
[White "Chigorinetz"]
[Black "Speed-O-Sonic"]
[Result "1-0"]
[WhiteElo "2500"]
[BlackElo "2342"]
[TimeControl "180+1"]
[EndTime "10:38:46 PDT"]
[Termination "Chigorinetz won by resignation"]

1. e4 c6 2. d4 d5 3. f3 dxe4 4. fxe4 e5 5. Nf3 exd4 6. Bc4 Bd6 7. Qxd4 Bb4+ 8. c3 Qxd4 9. Nxd4 Bc5 10. O-O Nf6 11.
e5 Nd5 12. Nd2 Nd7 13. Ne4 Be7 14. e6 N7f6 15. exf7+ Kxf7 16. Nxf6 Bxf6 17. Bxd5+ cxd5 18. Bg5 Rf8 19. Bxf6 gxf6 20. Rf4 Bd7 21. Raf1 Kg7 22. R1f3 Rae8 23. Rg3+ Kh8 24. Kf2 Re7 25. Rgf3 Kg7 26. Rg3+ Kh8 27. Re3 Rxe3 28. Kxe3 Kg7 29. Rf3 Re8+ 30.
Kd2 a6 31. Re3 Rf8 32. Re7+ Rf7 33. Rxf7+ Kxf7 34. Ke3 Bg4 35. Nb3 b6 36. Kd4 Ke6 37. Nd2 Be2 38. a3 h5 39. g3 Bg4 40. Nf1 Bf3 41. Ne3 Be4 42. c4 f5 43. cxd5+ Kd6 44. b4 b5 45. h3 Bb1 46. Ng2 Be4 47. Nh4 f4 48. Kxe4 fxg3 49. Ng2 h4 50. Nxh4 g2 1-0

[Event "*** Titled Tuesday Blitz"]
[Site "Chess.com"]
[Date "2021.03.16"]
[Round "4"]
[White "1977Ivan"]
[Black "SchmakAttack"]
[Result "1-0"]
[WhiteElo "2824"]
[BlackElo "2576"]
[TimeControl "180+1"]
[EndTime "10:38:48 PDT"]
[Termination "1977Ivan won by resignation"]

1. e4 e6 2. d4 d5 3. Nc3 Nf6 4. e5 Nfd7 5. Qg4 c5 6. Nb5 cxd4 7. Nf3 g6 8. Nbxd4 Nc6 9. Bb5 Nxd4 10. Nxd4 a6 11.
Bxd7+ Bxd7 12. O-O Rc8 13. Bg5 Be7 14. Bxe7 Qxe7 15. c3 b5 16. a3 O-O 17. h4 a5 18.
Qg5 f6 19. exf6 Qxf6 20. Rae1 Qxg5 21. hxg5 Rfe8 22. Re5 b4 23. axb4 axb4 24. Rc1 Rc4 25. f3 Rec8 26. Nxe6 Bxe6 27. Rxe6 bxc3 28. bxc3 d4 29.
Re4 dxc3 30. Rxc4 Rxc4 31. Kf2 Kf7 32. Ke3 Ke6 33. Kd3 Rc5 34. Rxc3 Rxc3+ 35. Kxc3 Kf5 36. Kd4 Kxg5 37. Ke5 h5 38. Ke6 h4 39. Ke5 Kh5 40. Kf4 Kh6 41. Kg4 g5 42. f4 gxf4 43. Kxh4 f3 44.
gxf3 1-0

[Event "*** Titled Tuesday Blitz"]
[Site "Chess.com"]
[Date "2021.03.16"]
[Round "4"]
[White "gxbg2000"]
[Black "Lady_Nika"]
[Result "0-1"]
[WhiteElo "1973"]
[BlackElo "2405"]
[TimeControl "180+1"]
[EndTime "10:38:48 PDT"]
[Termination "Lady_Nika won on time"]

1. e4 e6 2. Nf3 d5 3. exd5 exd5 4. d4 f5 5. h3 Nf6 6. Bf4 Bd6 7. Bxd6 Qxd6 8. Bd3 Ne4 9. O-O O-O 10. Nbd2 Be6 11. c3 Nd7 12. Re1 c6 13. Ne5 Nxe5 14. dxe5 Qxe5 15. f3 Qg3 16. Qe2 Nxd2 17. Qxe6+ Kh8 18.
Qe3 Nc4 19. Bxc4 dxc4 20. Qf2 Qg6 21. Rad1 Rae8 22. Qxa7 b5 23. Qd7 h6 24. a3 Kh7 25. Kf1 f4 26. Rxe8 Rxe8 27. Rd6 Qb1+ 28. Rd1 Qc2 29. Rd2 Qc1+ 30. Rd1 Qe3 31. Qd2 Qe5 32. Qc2+ Kg8 33. Qf2 c5 34. Qd2 Kh8 35. Qd5 Qe2+ 36. Kg1 Re5 37. Qd8+ Kh7 38. Qd6 Rg5 39. g4 fxg3 40. Qd2 Qxf3 41. Rf1 Qe4 42. Re1 Qf5 43. Rf1 Qxh3 44. Qc2+ Rg6 45. Rf4 h5 46. Rf3 h4 47. Rf4 Kh6 48. Qd2 Qh2+ 49. Qxh2 gxh2+ 50. Kxh2 Kg5 51. Re4 Rf6 52. a4 bxa4 53. Rxc4 Rf2+ 54. Kh3 Rxb2 55. Rxa4 Rb1 56. Rc4 Rb5 57. Rxh4 Kf5 58. Rh5+ g5 59. Rh8 Rb3 60. Rf8+ Ke4 61. Kg4 Rxc3 62. Kxg5 Rg3+ 0-1

[Event "*** Titled Tuesday Blitz"]
[Site "Chess.com"]
[Date "2021.03.16"]
[Round "4"]
[White "SaqoChess_Twitch"]
[Black "CrazyMartian"]
[Result "0-1"]
[WhiteElo "2490"]
[BlackElo "2256"]
[TimeControl "180+1"]
[EndTime "10:38:54 PDT"]
[Termination "CrazyMartian won by resignation"]

1. d4 d5 2. e3 Nf6 3. Nf3 e6 4. Be2 Bd6 5. O-O O-O 6. b3 b6 7. Bb2 Bb7 8. Ne5 c5 9. f4 Nc6 10. Nd2 Rc8 11. a3 Ne7 12. g4 Ne4 13. Nxe4 dxe4 14. c4 f6 15. Qc2 fxe5 16. dxe5 Bb8 17. Rad1 Qe8 18. Rd2 Rd8 19. Rfd1 Rxd2 20. Qxd2 Bc6 21.
b4 Qc8 22. b5 Bb7 23. Qd7 Re8 24. Bf1 Bc7 25. Bg2 Kf8 26. Qxc8 Bxc8 27. Bxe4 g6 28. a4 Rd8 29. Rxd8+ Bxd8 30. Bc3 Bc7 31. Kg2 a6 32. Kf3 axb5 33. axb5 Bd7 34. h3 Kf7 35. Bb7 Ke8 36. e4 Kf7 37. h4 h5 38. f5 hxg4+ 39. Kxg4 exf5+ 40. Kg5 fxe4 41. Bxe4 Bf5 42. Bd5+ Be6 43. Bf3 Bxc4 44. h5 gxh5 45. Bxh5+ Kf8 46. Bg4 Bxb5 47.
e6 Ng8 48. Kg6 Bd3+ 49. Kg5 Bd8+ 50. Kf4 Bf6 51. Be1 Ke7 52. Ke3 Bc4 53. Ke4 Bxe6 54. Bh5 b5 55. Ba5 b4 56. Bb6 Bd4 57. Kd3 Nf6 58.
Bf3 Kd6 59. Ba7 Bd5 60. Bb8+ Ke7 61. Bd1 Be6 62. Bc7 Bf5+ 63. Kd2 Kd7 64. Bb6 Ne4+ 65.
Kc1 Kc6 66. Ba7 Be3+ 67. Kb2 Nc3 68. Bf3+ Kb5 69. Bb8 Bd4 70. Kc1 Bd3 71. Bf4 Ne2+ 72. Bxe2 Bxe2 73. Kd2 Bc4 74. Kc1 b3 75. Kb1 Kb4 76.
Kc1 Bd3 77. Bd2+ Bc3 78. Kd1 Bxd2 79. Kxd2 c4 80. Kc1 Ka3 81. Kd2 Kb2 82. Ke3 Kc2 83.
Kd4 b2 84. Kc5 c3 85. Kd4 b1=Q 86. Kd5 Qb4 87. Kc6 Kd2 88. Kd5 Bc2 89. Ke5 Bd1 90. Kd5 c2 91. Ke5 c1=Q 92. Kd5 Qcc5+ 93. Ke6 Qbb6+ 94. Kd7 Qcc7+ 0-1

[Event "*** Titled Tuesday Blitz"]
[Site "Chess.com"]
[Date "2021.03.16"]
[Round "4"]
[White "rpragchess"]
[Black "NTBT_DHS"]
[Result "0-1"]
[WhiteElo "2909"]
[BlackElo "2790"]
[TimeControl "180+1"]
[EndTime "10:38:58 PDT"]
[Termination "NTBT_DHS won on time"]

1. c4 Nf6 2. Nc3 g6 3. g3 Bg7 4. Bg2 O-O 5. d3 d6 6. Bd2 Nc6 7. Qc1 e6 8. Bg5 Nd4 9. h4 h6 10. Be3 Ng4 11. Bd2 d5 12. cxd5 exd5 13. Nf3 c6 14. O-O Kh7 15. Re1 Bf5 16. Bf4 Qb6 17. Nxd4 Qxd4 18. e3 Qb6 19. Qd2 d4 20. Ne4 dxe3 21. fxe3 Rad8 22. d4 Rfe8 23. Nc3 Qa5 24. Rad1 c5 25. d5 b5 26. d6 b4 27. Nd5 Qxa2 28.
Nc7 Re4 29. Qe2 Qxb2 30. Bxe4 Qxe2 31. Rxe2 Bxe4 32. Nb5 Rd7 33. Nxa7 Bf3 34. Red2 Bxd1 35. Rxd1 Rxa7 36. d7 Bf6 37. d8=Q Bxd8 38. Rxd8 Rb7 39. Kg2 b3 40. Kf3 h5 41. Rd1 c4 42. Rb1 c3 43. e4 c2 44. Rb2 Ne5+ 0-1

[Event "*** Titled Tuesday Blitz"]
[Site "Chess.com"]
[Date "2021.03.16"]
[Round "4"]
[White "Anton_Demchenko"]
[Black "CSB7"]
[Result "1-0"]
[WhiteElo "2889"]
[BlackElo "2602"]
[TimeControl "180+1"]
[EndTime "10:38:58 PDT"]
[Termination "Anton_Demchenko won by resignation"]

1. e4 c5 2. Nf3 d6 3. d4 cxd4 4.
Qxd4 Nf6 5. Nc3 Nc6 6. Qe3 g6 7.
Bc4 Bg7 8. h3 O-O 9. O-O a6 10. a4 Nb4 11. Qe2 Nd7 12. Rd1 Ne5 13. Nxe5 Bxe5 14. Bh6 Bg7 15. Bxg7 Kxg7 16. Nd5 Nxd5 17.
exd5 Qc7 18. a5 Re8 19. Bd3 e6 20. dxe6 Bxe6 21. Qd2 Rad8 22. Ra3 d5 23. Rb3 Rd6 24. Qf4 Rc6 25. Qd4+ Kg8 26. Qb4 Rc8 27. Qxb7 Qxa5 28. Ra3 Qb6 29. Qxb6 Rxb6 30. b3 Rc5 31. g4 Kg7 32.
Rda1 Bc8 33. f3 h5 34. Kf2 hxg4 35. hxg4 f5 36. g5 d4 37. Ra4 Rd6 38. Re1 f4 39. Re7+ Kf8 40. Re4 Bf5 41. Rxf4 Kg7 42. Rfxd4 Rxd4 43.
Rxd4 Bxd3 44. cxd3 Rxg5 45. Rd7+ Kh6 46. Rb7 Rc5 47.
Ke3 Rc3 48. Kd2 Rc1 49. Kxc1 1-0

[Event "*** Titled Tuesday Blitz"]
[Site "Chess.com"]
[Date "2021.03.16"]
[Round "4"]
[White "iturrizaga"]
[Black "Evgeny81"]
[Result "0-1"]
[WhiteElo "2839"]
[BlackElo "2768"]
[TimeControl "180+1"]
[EndTime "10:38:59 PDT"]
[Termination "Evgeny81 won on time"]

1. c4 f5 2. g3 e5 3. Bg2 Nc6 4. a3 Nf6 5. b4 d6 6. Bb2 g6 7. d3 Bg7 8. Nc3 O-O 9. e3 f4 10.
Nge2 fxe3 11. fxe3 Ng4 12. Qd2 Bh6 13. Nd1 Ne7 14.
h3 Nxe3 15. Nxe3 Nf5 16. Nf4 Nxg3 17. Nfd5 Nxh1 18. Bxh1 Qh4+ 19. Kd1 Rf2 20. Qe1 Qh5+ 21. Kc1 Rf7 22. Kc2 c6 23. Nc3 Qxh3 24. Ncd1 Be6 25. Kb3 a5 26. bxa5 Rb8 27. Bc3 b5 28. axb6 Rxb6+ 29. Ka2 Qh2+ 30. Bg2 d5 31. Bb2 d4 32. Qa5 Rfb7 33.
Rb1 dxe3 34. Bxc6 Rxc6 35. Qa8+ Bc8 36. Nc3 Qc2 37. Nd5 e2 38. Ne7+ Rxe7 39. Qxc6 Qxb1+ 40. Kxb1 e1=Q+ 41. Ka2 Be6 42. Qd6 Kf7 0-1

[Event "*** Titled Tuesday Blitz"]
[Site "Chess.com"]
[Date "2021.03.16"]
[Round "4"]
[White "ChristopherYoo"]
[Black "NicoChasin"]
[Result "1-0"]
[WhiteElo "2900"]
[BlackElo "2604"]
[TimeControl "180+1"]
[EndTime "10:39:00 PDT"]
[Termination "ChristopherYoo won by resignation"]

1. c4 e5 2. g3 Nf6 3. Bg2 Bc5 4.
Nc3 c6 5. e3 O-O 6. Nge2 d6 7.
O-O Bf5 8. d4 exd4 9. Nxd4 Bg6 10. b3 Nbd7 11. Nce2 Re8 12. Bb2 a5 13. a3 Be4 14.
Bxe4 Rxe4 15. Nc3 Re8 16. Nf3 Qe7 17. Qc2 h6 18. Nd4 Ne5 19. Rfd1 Rad8 20. Ne4 Nxe4 21.
Qxe4 a4 22. Nf5 Qe6 23. b4 Nxc4 24. Qxe6 fxe6 25. Nxg7 Nxb2 26. Nxe8 Nxd1 27. Nf6+ Kf7 28. Ne4 Nxf2 29. Kxf2 Ba7 30. Ke2 d5 31. Nd2 e5 32.
Nf3 Ke6 33. g4 Rf8 34. Nh4 Rg8 35. h3 Rg5 36. Rf1 h5 37. Nf3 Rg8 38. gxh5 Rg2+ 39. Rf2 Rg3 40. h4 e4 41. Ng5+ Ke5 42. h6 Rxe3+ 43.
Kf1 Bd4 44. Rd2 Bc3 45. Rc2 Bd4 46. Rd2 Rd3 47. Rxd3 exd3 48. Nf3+ Kf4 49. Nxd4 Ke3 50. Ke1 Kxd4 51. h7 Kc3 52. h8=Q+ Kc2 53. Qd4 b6 54. Qf2+ Kc3 55. Qd2+ Kc4 56. h5 c5 57. bxc5 bxc5 58. h6 d4 59. h7 Kb3 60. h8=Q c4 61.
Qxd4 1-0